 Dungeon Crawl Stone Soup version 0.21-a0-215-g0631661 (webtiles) character file.

59846 motkurip the Nimble (level 14, -32/124 HPs)
             Began as a Demigod Transmuter on Aug 21, 2017.
             Annihilated by Rupert
             ... wielding a +4 triple sword of slicing
              (48 damage)
             ... on level 3 of the Lair of Beasts on Aug 22, 2017.
             The game lasted 01:06:38 (24454 turns).

motkurip the Nimble (Demigod Transmuter)           Turns: 24454, Time: 01:06:39

Health: -32/124    AC: 10    Str: 34    XL:     14   Next: 19%
Magic:  36/36      EV: 24    Int: 17    God:
Gold:   870        SH:  5    Dex: 22    Spells: 14/25 levels left

rFire    + + .     SeeInvis .     - Unarmed
rCold    + + .     Gourm    .   (shield currently unavailable)
rNeg     . . .     Faith    .   N - +0 leather armour of Sif Muna's Regard {MP+9 Str+4 Stlth+} (curse)
rPois    +         Spirit   .   t - +1 helmet
rElec    +         Reflect  +   o - scarf {rC+ rF+}
rCorr    +         Harm     .   (gloves currently unavailable)
MR       +....                  e - +2 pair of boots
Stlth    +++.......             B - +5 amulet of reflection
HPRegen  0.30/turn              y - ring of resist corrosion
MPRegen  0.25/turn              D - +6 ring of strength

@: mighty, blade hands, resistant
A: molten scales 1, high mp 1, sense surroundings 1, strong 2
a: End Transformation


You were on level 3 of the Lair of Beasts.
You were not hungry.
You had blades for hands.
You visited 4 branches of the dungeon, and saw 19 of its levels.

You collected 1182 gold pieces.
You spent 312 gold pieces at shops.

Inventory:

Hand Weapons
 b - a +4 scimitar of flaming
Missiles
 a - 237 arrows
Armour
 e - a +2 pair of boots (worn)
 o - a scarf of resistance (worn)
 t - a +1 helmet (worn)
 N - the cursed +0 leather armour of Sif Muna's Regard (worn) {MP+9 Str+4 Stlth+}
   (You found it on level 8 of the Dungeon)

   It affects your strength (+4).
   It affects your magic capacity (+9).
   It makes you more stealthy.
   It has a curse placed upon it.
 S - the +1 pair of gloves of Livemi (melded) {Stlth+}
   (You found it on level 10 of the Dungeon)

   It makes you more stealthy.
 Z - a +2 robe
Jewellery
 y - a ring of resist corrosion (left scythe-like blade)
 B - a +5 amulet of reflection (around neck)
 D - a +6 ring of strength (right scythe-like blade)
Wands
 K - a wand of flame (0/48)
 O - a wand of confusion (40/48)
 P - a wand of iceblast (2/15)
 T - a wand of disintegration (15/24)
Scrolls
 f - 2 scrolls of recharging
 h - 2 scrolls of teleportation
 j - 5 scrolls of amnesia
 p - 5 scrolls of enchant armour
 s - a scroll of immolation {unknown}
 u - 7 scrolls of remove curse
 v - a scroll of magic mapping
 z - a scroll of vulnerability {unknown}
 A - a scroll of blinking {unknown}
 C - 3 scrolls of fog
 E - a scroll of brand weapon {unknown}
 H - a scroll of random uselessness {unknown}
 J - a scroll of enchant weapon
 X - a scroll of summoning {unknown}
Potions
 k - 2 potions of might
 l - 2 potions of invisibility {unknown}
 m - 4 potions of brilliance {unknown}
 q - 5 potions of curing
 r - a potion of mutation
 x - 2 potions of agility {unknown}
 F - a potion of flight {unknown}
 G - a potion of magic {unknown}
 M - 2 potions of haste {unknown}
 R - a potion of berserk rage {unknown}
Books
 c - a book of Changes

   Spells                             Type                      Level
   a - Beastly Appendage              Transmutation                1
   b - Sticks to Snakes               Transmutation                2
   c - Spider Form                    Transmutation/Poison         3
   d - Ice Form                       Ice/Transmutation            4
   e - Blade Hands                    Transmutation                5
 V - a book of Enchantments

   Spells                             Type                      Level
   a - Cause Fear                     Hexes                        4
   b - Yara's Violent Unravelling     Hexes/Transmutation          5
   c - Silence                        Hexes/Air                    5
   d - Deflect Missiles               Charms/Air                   6
   e - Discord                        Hexes                        8
Miscellaneous
 n - a box of beasts
 w - a lamp of fire
Comestibles
 d - 14 bread rations
 g - 6 meat rations


   Skills:
 + Level 11.4 Fighting
 - Level 4.0 Armour
 + Level 12.6 Dodging
 + Level 11.7 Unarmed Combat
 - Level 6.1 Spellcasting
 - Level 10.0 Transmutations
 - Level 1.0 Poison Magic


You had 14 spell levels left.
You knew the following spells:

 Your Spells              Type           Power        Failure   Level  Hunger
a - Sticks to Snakes      Tmut           #####...     10%         2    None
b - Beastly Appendage     Tmut           #####.       9%          1    None
c - Spider Form           Tmut/Pois      ###.......   30%         3    ##.....
d - Blade Hands           Tmut           #####.....   36%         5    #####..


Dungeon Overview and Level Annotations

Branches:
Dungeon (14/15)            Temple (1/1) D:7            Lair (3/6) D:11
 Spider (0/4) Lair:3          Orc (1/2) D:10         Vaults (0/5) D:13
  Swamp: Lair:2-4    Shoals: Lair:2-4

Shops:
D:9 [   D:11 !

Annotations:
D:9 exclusion: oklob plant
D:13 exclusion: orange crystal statue
Lair:3 Rupert


Innate Abilities, Weirdness & Mutations

You have an increased reservoir of magic. (+10% MP)
You are partially covered in molten scales. (AC +2)
You passively map a small area around you.
Your muscles are very strong. (Str +4)


Message History

Rupert completely misses you.
You hit Rupert.
Rupert is heavily wounded.
You slash Rupert!
Rupert is heavily wounded.
Rupert hits you with a triple sword of slicing!!!
* * * LOW HITPOINT WARNING * * *
x2 Unknown command.
Okay, then.
Okay, then.
You slice Rupert!! Your slash misses Rupert.
Rupert is severely wounded.
Rupert barely misses you.
You shred Rupert!!!
Rupert is almost dead.
Rupert barely misses you.
You completely miss Rupert.
Rupert is almost dead.
Rupert hits you with a triple sword of slicing!!!
You die...

#### ### ####### ### *#
####..###.###.#.#.###.####P###
.........>....................
..............................
##.#.#.##....#†####.#.........
#########...###..#...#........
####### #....#..@@....P....Y..
#.#...# #...#.......#P...........
......###...##......##...........
#P#...##....#...............@....
###.....#...#####...#............
##.#.#.#....####....##......Y....
..#####.#......>.................
.######..........................
.................... ............


You could see Rupert (berserk).

Vanquished Creatures
  The ghost of p0werm0de the Black Belt, an adept OpEn of Uskayaw (Lair:2)
  Nessos (D:13)
  Snorg (Lair:3)
  A fire dragon (D:11)
  Josephine (D:12)
  Erica (Lair:1)
  4 hydras
  A death knight (D:12)
  10 two-headed ogres
  5 tengu warriors
  A catoblepas (D:13)
  4 centaur warriors
  2 skeletal warriors (D:12)
  An unseen horror (D:13)
  2 orc knights
  A deep elf mage (D:13)
  2 manticores
  8 ugly things
  2 black mambas
  An elephant (D:11)
  A gargoyle (D:12)
  3 komodo dragons
  2 efreet
  A freezing wraith (D:12)
  A tengu conjurer (D:14)
  4 trolls
  A yaktaur (shapeshifter) (D:13)
  3 hornets
  4 blink frogs
  Grinder (D:4)
  A slime creature (shapeshifter) (D:13)
  12 slime creatures
  A hippogriff (D:13)
  Sigmund (D:2)
  A shadow (D:13)
  45 yaks
  A basilisk (D:11)
  5 wraiths
  2 hungry ghosts (D:9)
  2 wyverns
  4 vampire mosquitoes (D:14)
  16 humans (D:13)
  A swamp worm (shapeshifter) (D:13)
  2 soldier ants
  5 water moccasins
  5 ice beasts
  7 porcupines
  2 eyes of draining (D:13)
  3 orc warriors
  5 sky beasts
  9 black bears
  3 phantoms
  A necrophage (D:9)
  8 centaurs
  9 ogres
  7 wolves (Lair:3)
  3 crocodiles
  2 big kobolds
  A gnoll sergeant (D:10)
  17 bullfrogs
  A wyvern zombie (D:7)
  3 scorpions (D:11)
  21 killer bees
  7 wights
  2 howler monkeys
  4 crimson imps
  2 centaur zombies
  2 bullfrog zombies
  8 hounds
  14 jellies
  4 bullfrog skeletons
  9 orc priests
  4 centaur skeletons
  15 orc wizards
  7 iguanas
  11 worker ants
  A killer bee zombie (D:8)
  A hound skeleton (D:8)
  3 howler monkey skeletons
  11 adders
  20 gnolls
  2 shadow imps
  11 oozes
  An adder zombie (D:5)
  3 adder skeletons
  6 worms
  8 leopard geckos
  49 orcs
  9 giant cockroaches
  6 hobgoblins
  33 jackals
  3 quokkas
  A ball python (D:3)
  9 bats
  4 frilled lizards
  3 goblins (D:1)
  A jackal zombie (D:5)
  10 kobolds
  A leopard gecko skeleton (D:7)
  3 quokka skeletons
  6 rats
571 creatures vanquished.

Vanquished Creatures (collateral kills)
  A blink frog (Lair:1)
  An ice beast (D:13)
  A phantom (D:5)
  A scorpion (D:4)
  2 killer bees (D:7)
  An iguana (D:5)
  An orc wizard (D:5)
  A gnoll (D:3)
  3 adders (D:2)
  2 orcs (D:5)
14 creatures vanquished.

Vanquished Creatures (others)
  A bush (Lair:2)
  7 fungi
  7 plants
15 creatures vanquished.

Grand Total: 600 creatures vanquished

Notes
Turn   | Place    | Note
-------+----------+-------------------------------------------
     0 | D:1      | motkurip the Demigod Transmuter began the quest for the Orb.
     0 | D:1      | Reached XP level 1. HP: 15/15 MP: 5/5
   276 | D:1      | Reached XP level 2. HP: 22/22 MP: 7/7
   280 | D:1      | Learned a level 2 spell: Sticks to Snakes
   864 | D:2      | Reached skill level 1 in Fighting
   864 | D:2      | Reached XP level 3. HP: 19/28 MP: 6/8
  1018 | D:2      | Learned a level 3 spell: Spider Form
  1127 | D:2      | Reached skill level 2 in Dodging
  1259 | D:2      | Found an ancient bone altar of Kikubaaqudgha.
  1881 | D:2      | Reached skill level 1 in Poison Magic
  2083 | D:2      | Noticed Sigmund
  2093 | D:2      | Killed Sigmund
  2093 | D:2      | Reached XP level 4. HP: 35/35 MP: 5/9
  2093 | D:2      | Reached XP level 5. HP: 40/40 MP: 5/10
  2386 | D:2      | Reached skill level 5 in Transmutations
  3161 | D:3      | Reached XP level 6. HP: 46/47 MP: 2/12
  3808 | D:4      | Reached skill level 3 in Dodging
  4099 | D:4      | Noticed Grinder
  4111 | D:4      | Paralysed by Grinder for 7 turns
  4128 | D:4      | Paralysed by Grinder for 7 turns
  4130 | D:4      | Killed Grinder
  4130 | D:4      | Reached XP level 7. HP: 6/52 MP: 4/13
  4490 | D:4      | Noticed a moth of wrath
  4493 | D:4      | Found a bloodstained altar of Trog.
  4625 | D:4      | Found a shattered altar of Ashenzari.
  4628 | D:4      | Found a stormy altar of Qazlal.
  4631 | D:4      | Found a burning altar of Makhleb.
  4670 | D:4      | Found a roughly hewn altar of Beogh.
  5044 | D:5      | Entered Level 5 of the Dungeon
  5293 | D:4      | Reached skill level 4 in Dodging
  5843 | D:5      | Found a sparkling altar of Nemelex Xobeh.
  5955 | D:5      | Reached XP level 8. HP: 30/59 MP: 8/14
  7022 | D:5      | Learned a level 5 spell: Blade Hands
  7143 | D:5      | Reached skill level 5 in Dodging
  7254 | D:5      | Found an ornate altar of the Wu Jian Council.
  8101 | D:6      | Reached skill level 6 in Dodging
  8101 | D:6      | Reached XP level 9. HP: 63/64 MP: 9/15
  9006 | D:7      | Found a staircase to the Ecumenical Temple.
  9031 | D:7      | Reached skill level 10 in Transmutations
  9239 | Temple   | Entered the Ecumenical Temple
 10335 | D:8      | Noticed a two-headed ogre
 10340 | D:8      | Killed a two-headed ogre
 10340 | D:8      | Reached skill level 7 in Dodging
 10601 | D:8      | Reached skill level 5 in Unarmed Combat
 10711 | D:8      | Reached XP level 10. HP: 79/79 MP: 12/16
 10796 | D:8      | Got a warped leather armour
 10815 | D:8      | Identified the cursed +0 leather armour of Sif Muna's Regard {MP+9 Str+4 Stlth+} (You found it on level 8 of the Dungeon)
 11112 | D:9      | Reached skill level 1 in Armour
 11254 | D:9      | Found Pyodoz's Armour Shop.
 11333 | D:9      | Reached skill level 5 in Fighting
 11478 | D:9      | Reached skill level 8 in Dodging
 12027 | D:9      | Noticed an oklob plant
 12811 | D:10     | Entered Level 10 of the Dungeon
 12852 | D:10     | Noticed a two-headed ogre
 12857 | D:10     | Killed a two-headed ogre
 12857 | D:10     | Reached XP level 11. HP: 86/89 MP: 17/17
 13172 | D:10     | Noticed a two-headed ogre
 13310 | D:10     | Killed a two-headed ogre
 13360 | D:10     | Found a staircase to the Orcish Mines.
 13446 | D:10     | Got a pair of encrusted gloves
 13502 | D:10     | Identified the +1 pair of gloves of Livemi {Stlth+} (You found it on level 10 of the Dungeon)
 13631 | Orc:1    | Entered Level 1 of the Orcish Mines
 13631 | Orc:1    | Noticed an orc knight
 13712 | D:11     | Paralysed by a hornet for 3 turns
 14023 | D:11     | Reached skill level 9 in Dodging
 14070 | D:11     | Found a staircase to the Lair.
 14358 | D:11     | Found a shimmering altar of Xom.
 14358 | D:11     | Found a shimmering altar of Xom.
 14368 | D:11     | Found a shimmering altar of Xom.
 14394 | D:11     | Found a shimmering altar of Xom.
 14406 | D:11     | Found a shimmering altar of Xom.
 14412 | D:11     | Found a shimmering altar of Xom.
 14423 | D:11     | Found Afevvy Imiom's Distillery.
 14431 | D:11     | Bought a potion of heal wounds for 60 gold pieces
 14431 | D:11     | Bought a potion of mutation for 96 gold pieces
 14431 | D:11     | Bought a potion of heal wounds for 60 gold pieces
 14431 | D:11     | Bought a potion of heal wounds for 60 gold pieces
 14431 | D:11     | Bought a potion of curing for 36 gold pieces
 14594 | D:11     | Noticed a fire dragon
 14623 | D:11     | Killed a fire dragon
 14985 | D:11     | Noticed a two-headed ogre
 14995 | D:11     | Killed a two-headed ogre
 15269 | Lair:1   | Entered Level 1 of the Lair of Beasts
 16059 | Lair:1   | Reached XP level 12. HP: 92/101 MP: 23/23
 16061 | Lair:1   | Reached skill level 5 in Spellcasting
 16155 | Lair:1   | Noticed Erica
 16578 | Lair:1   | Killed Erica
 16578 | Lair:1   | Reached skill level 10 in Dodging
 16748 | Lair:2   | Noticed a six-headed hydra
 16765 | Lair:2   | Killed a six-headed hydra
 16979 | Lair:2   | Noticed p0werm0de's ghost (adept OpEn)
 16987 | Lair:2   | Noticed a six-headed hydra
 17086 | Lair:2   | Killed a six-headed hydra
 17451 | Lair:2   | Noticed an eight-headed hydra
 17615 | Lair:2   | Killed an eight-headed hydra
 18051 | Lair:2   | HP: 2/103 [p0werm0de's ghost (24)]
 18101 | Lair:2   | Killed p0werm0de's ghost
 18403 | Lair:3   | Noticed Snorg
 18421 | Lair:3   | Killed Snorg
 18770 | Lair:3   | Noticed Rupert
 18847 | Lair:3   | Noticed a seven-headed hydra
 19751 | D:12     | Noticed a death knight
 20134 | D:12     | Killed a death knight
 20464 | D:12     | Reached skill level 11 in Dodging
 20464 | D:12     | Reached XP level 13. HP: 93/111 MP: 24/26
 20556 | D:12     | Reached skill level 10 in Unarmed Combat
 20655 | D:12     | Found a blossoming altar of Fedhas.
 20743 | D:12     | Noticed Josephine
 20750 | D:12     | Killed Josephine
 20918 | D:13     | Reached skill level 10 in Fighting
 21821 | D:13     | Noticed Nessos
 21835 | D:13     | HP: 4/114 [poisoned by Nessos]
 22757 | D:13     | Found a gate to the Vaults.
 22765 | D:13     | Reached skill level 12 in Dodging
 22832 | D:13     | Killed Nessos
 23134 | D:12     | Upgraded the game from 0.21-a0-210-gbfa5647 to 0.21-a0-215-g0631661
 23822 | D:14     | Reached XP level 14. HP: 109/124 MP: 27/27
 23865 | D:14     | Gained mutation: You are frail. (-10% HP) [mutagenic meat]
 23867 | D:14     | Gained mutation: You have a somewhat thin skeletal structure. (Dex +2, Stealth) [mutagenic meat]
 23868 | D:14     | Gained mutation: Scrolls take you a little longer to read. [mutagenic meat]
 23869 | D:14     | Lost mutation: You are frail. (-10% HP) [potion of mutation]
 23869 | D:14     | Lost mutation: Scrolls take you a little longer to read. [potion of mutation]
 23869 | D:14     | Gained mutation: Armour fits poorly on your strangely shaped body. [potion of mutation]
 23869 | D:14     | Gained mutation: You expend magic power (3 MP) to strengthen your wands. [potion of mutation]
 23869 | D:14     | Gained mutation: Your spells are a little harder to cast, but a little more powerful. [potion of mutation]
 23870 | D:14     | Lost mutation: You expend magic power (3 MP) to strengthen your wands. [potion of mutation]
 23870 | D:14     | Lost mutation: Armour fits poorly on your strangely shaped body. [potion of mutation]
 23870 | D:14     | Lost mutation: Your spells are a little harder to cast, but a little more powerful. [potion of mutation]
 23870 | D:14     | Lost mutation: You have a somewhat thin skeletal structure. (Dex +2, Stealth) [potion of mutation]
 23870 | D:14     | Gained mutation: You are partially covered in molten scales. (AC +2) [potion of mutation]
 23870 | D:14     | Gained mutation: Scrolls take you a little longer to read. [potion of mutation]
 23870 | D:14     | Gained mutation: You are weak. (Str -2) [potion of mutation]
 23870 | D:14     | Gained mutation: You passively map a small area around you. [potion of mutation]
 23871 | D:14     | Lost mutation: You are weak. (Str -2) [potion of mutation]
 23871 | D:14     | Lost mutation: Scrolls take you a little longer to read. [potion of mutation]
 23871 | D:14     | Gained mutation: Your muscles are strong. (Str +2) [potion of mutation]
 23871 | D:14     | Gained mutation: Your muscles are very strong. (Str +4) [potion of mutation]
 24256 | Lair:3   | Found a hole to the Spider Nest.
 24454 | Lair:3   | Annihilated by Rupert

Vault maps used:
D:1:      nzn_arrival_water_spiral
D:2:      kiku_gazebo_pond_becter, uniq_sigmund
D:3:      minmay_misc_feat_diagonals
D:4:      grunt_temple_overflow_diamond, tgw_trog, first_bread,
          kennysheep_orc_chapel, uniq_grinder
D:5:      nicolae_overflow_hidden_temple, nemelex_spade_bored_becter
D:6:      wad_guarded_room
D:7:      temple_fountains
D:8:      grunt_ogre_cave
D:9:      lemuel_slime, serial_shops, kennysheep_mini
D:10:     orc_0_dummy
D:11:     david_lair_generic, serial_shops, shop_statue, xom_shifter_show
D:12:     fedhas_altar_3, uniq_josephine
D:13:     david_vaults_3, minmay_protected_statue
D:14:     cross_vault, basic_altar, grunt_dithmenos_shadows
Temple:   nicolae_temple_elliptical
Lair:1:   lab_entry_generic, uniq_erica
Lair:3:   regret_index_wax_grids, nicolae_spider_entry_orb_guardian,
          minmay_lair_oklob_chamber, infiniplex_staircase_pool, uniq_rupert,
          uniq_snorg

Skill      XL: |  1  2  3  4  5  6  7  8  9 10 11 12 13 |
---------------+----------------------------------------+-----
Spellcasting   | 2 4 6 |  6.1
Transmutations | 2 4 5 6 7 9 10 | 10.0
Fighting       | 1 4 6 7 9 11 | 11.4
Dodging        | 2 3 4 6 7 8 9 11 12 | 12.6
Unarmed Combat | 3 5 6 8 9 11 | 11.7
Poison Magic   | 1 |  1.0
Armour         | 4 |  4.0

Action                   |  1- 3 |  4- 6 |  7- 9 | 10-12 | 13-15 || total
-------------------------+-------+-------+-------+-------+-------++-------
Melee: Unarmed           |   163 |   168 |   454 |   601 |   410 ||  1796
       Kick              |     6 |       |       |       |       ||     6
       Headbutt          |    21 |    22 |       |       |       ||    43
       Punch             |       |       |     3 |    21 |    35 ||    59
 Cast: Beastly Appendage |    27 |    13 |       |       |       ||    40
       Sticks to Snakes  |     3 |    15 |    26 |    75 |    13 ||   132
       Spider Form       |     1 |     7 |    10 |     1 |     1 ||    20
       Blade Hands       |       |       |    30 |    88 |    41 ||   159
 Abil: End Transformatio |       |       |       |     3 |     1 ||     4
Evoke: Wand              |       |       |       |    16 |       ||    16
       Lamp of fire      |       |       |       |     1 |       ||     1
       Box of beasts     |       |       |       |     1 |       ||     1
  Use: Scroll            |     1 |     1 |     3 |     7 |     6 ||    18
       Potion            |       |     1 |       |    11 |    11 ||    23
 Stab: Sleeping          |     3 |     3 |     4 |     3 |     1 ||    14
       Distracted        |       |     1 |     3 |     1 |       ||     5
  Eat: Chunk             |     4 |     7 |    33 |    34 |    16 ||    94
       Fruit             |       |     4 |     1 |     6 |       ||    11
       Royal jelly       |       |       |     1 |     6 |     1 ||     8
       Meat ration       |       |       |       |     3 |     3 ||     6
Armor: Robe              |    40 |    33 |   101 |       |       ||   174
       Skin              |       |     5 |     3 |     4 |       ||    12
       Leather armour    |       |       |       |    67 |    39 ||   106
Dodge: Dodged            |   126 |   128 |   367 |   433 |   288 ||  1342
Block: Other             |       |       |       |    29 |    81 ||   110
       Reflection        |       |       |       |       |     6 ||     6

Table legend:
 A = Spawn XP
 B = Non-spawn XP
 C = Spawn XP percentage of total XP
 D = Spawn monster count
 E = Non-spawn monster count
 F = Spawn count percentage of total count
 G = Total turns spent on level
                    A         B        C        D         E        F      G
               +---------+---------+-------+---------+---------+-------+---------
         Total |   12185 |   73310 |  14.3 |      85 |     500 |  14.5 | 24454
               +---------+---------+-------+---------+---------+-------+---------
           D:1 |       7 |      32 |  17.9 |       4 |      18 |  18.2 |   850
           D:2 |      40 |     322 |  11.0 |       7 |      27 |  20.6 |  2043
           D:3 |      13 |     228 |   5.4 |       1 |      32 |   3.0 |   905
           D:4 |      54 |     745 |   6.8 |       2 |      22 |   8.3 |  1878
           D:5 |     208 |     711 |  22.6 |       9 |      25 |  26.5 |  1627
           D:6 |      56 |     958 |   5.5 |       3 |      17 |  15.0 |  1519
           D:7 |       1 |    1642 |   0.1 |       1 |      35 |   2.8 |  1038
           D:8 |     129 |    2084 |   5.8 |       1 |      20 |   4.8 |   928
           D:9 |     124 |    5453 |   2.2 |       1 |      57 |   1.7 |  1708
          D:10 |    1005 |    4299 |  18.9 |       7 |      42 |  14.3 |  1158
          D:11 |    1965 |    4038 |  32.7 |      13 |      34 |  27.7 |  1834
          D:12 |    1067 |   11682 |   8.4 |       3 |      39 |   7.1 |  1260
          D:13 |    4989 |   16517 |  23.2 |      21 |      52 |  28.8 |  2819
          D:14 |     882 |    8469 |   9.4 |       1 |      24 |   4.0 |   393
        Lair:1 |     996 |    5359 |  15.7 |       5 |      23 |  17.9 |  1341
        Lair:2 |     407 |    6369 |   6.0 |       4 |      13 |  23.5 |  1767
        Lair:3 |     242 |    4402 |   5.2 |       2 |      20 |   9.1 |  1067
               +---------+---------+-------+---------+---------+-------+---------
